 Dungeon Crawl Stone Soup version 0.30.1-9-gdf580d7c3d (webtiles) character file.

Game seed: 4380451513768031849

5 lonewolfV2 the Covered (level 1, 0/18 HPs)
             Began as a Human Fighter on Oct 22, 2023.
             Slain by a ball python (1 damage)
             ... on level 1 of the Dungeon.
             The game lasted 00:00:28 (91 turns).

lonewolfV2 the Covered (Human Fighter)                Turns: 91, Time: 00:00:28

Health: 0/18       AC:  6    Str: 16    XL:     1   Next: 88%
Magic:  1/1        EV:  5    Int:  8    God:
Gold:   23         SH:  4    Dex: 12    Spells: 0/0 levels left

rFire   . . .        a - +0 war axe
rCold   . . .        c - +0 buckler
rNeg    . . .        b - +0 scale mail
rPois   .            (no helmet)
rElec   .            (no cloak)
rCorr   .            (no gloves)
SInv    .            (no boots)
Will    .....        (no amulet) Stlth
                     (no ring)
HPRegen 0.23/turn    (no ring)
MPRegen 0.07/turn

%: no passive effects
@: constricted
A: no striking features
a: no special abilities


You were on level 1 of the Dungeon.
You visited 1 branch of the dungeon, and saw 1 of its levels.

You collected 23 gold pieces.

Inventory:

Hand Weapons
 a - a +0 war axe (weapon)
Armour
 b - a +0 scale mail (worn)
 c - a +0 buckler (worn)
Scrolls
 e - 3 scrolls of identify {unknown}
Potions
 d - a potion of might


   Skills:
 + Level 3.1 Fighting
 - Level 2.0 Axes
 + Level 3.1 Armour
 + Level 3.1 Shields


You couldn't memorise any spells.
You didn't know any spells.
Your spell library was empty.

Dungeon Overview and Level Annotations

Branches:
Dungeon (1/15)

Altars:


Message History

The jackal bites you but does no damage.
You barely miss the jackal.
The ball python hisses angrily.
You hear an angry hiss.
The jackal completely misses you. The jackal bites you.
Unknown command.
You hit the jackal.
The jackal is severely wounded.
You hit the jackal but do no damage. You block the jackal's attack.
The jackal bites you but does no damage.
A ball python comes into view.
You block the jackal's attack. The jackal barely misses you.
You closely miss the jackal.
The jackal is severely wounded.
You hit the jackal. The jackal barely misses you.
The jackal bites you but does no damage. x2
You block the jackal's attack.
Unknown command.
You hit the jackal.
You kill the jackal!
You barely miss the jackal.
The jackal bites you but does no damage.
The jackal bites you.
* * * LOW HITPOINT WARNING * * *
You block the ball python's attack. The ball python grabs you.
The ball python constricts you.
You closely miss the ball python. You closely miss the jackal.
The jackal bites you.
* * * LOW HITPOINT WARNING * * *
The ball python bites you.
* * * LOW HITPOINT WARNING * * *
The ball python constricts you. You block the jackal's attack.
The ball python barely misses you. The ball python constricts you.
Unknown command.
You closely miss the ball python. You barely miss the jackal.
The jackal bites you but does no damage.
The ball python bites you but does no damage.
The ball python constricts you. The jackal closely misses you.
You barely miss the ball python. You barely miss the jackal.
The ball python bites you.
You die...

#...###.####.## #.## #
#.####...##...# ...# #.
#.⌠.##.⌠.# .⌠.# #.
#...##...# ...#
#!..##.####.####.####.#
#....................
############.########
##.# #@h# #S## ..S#
###.. #.# ..# ###


You could see a jackal and 2 ball pythons.

Vanquished Creatures
  An endoplasm (D:1)
  A hobgoblin (D:1)
  A jackal (D:1)
  2 kobolds (D:1)
5 creatures vanquished.

Notes
Turn   | Place    | Note
-------+----------+-------------------------------------------
     0 | D:1      | lonewolfV2 the Human Fighter began the quest for the Orb.
     0 | D:1      | Reached XP level 1. HP: 18/18 MP: 1/1
    91 | D:1      | Slain by a ball python

Illustrated notes

Levels and vault maps discovered:
D:1:      dpeg_arrival_chambers_temple_mockup, layout_rooms,
          serial_co_window_serial, co_window_of_opportunity_a,
          co_window_paths_b, co_window_corner_a, co_window_paths_b,
          co_window_cross_1, co_window_corner_a, co_window_of_opportunity_a,
          co_window_corner_a, co_window_corner_a, co_window_2corner,
          co_window_corner_b, co_window_2corner, co_window_broadway_b,
          co_window_corner_ca, glass_columns_b, minmay_small_reverse_x

Action                     || total
---------------------------++-------
  Melee: War axe           ||    17
 Armour: Scale mail        ||    10
  Dodge: Dodged            ||    10
  Block: Buckler           ||     6
